 Dungeon Crawl Stone Soup version 0.19-a0-1827-g174f941 (webtiles) character file.

46 kae the Shield-Bearer (level 3, 0/29 HPs)
             Began as a Formicid Fighter on Oct 7, 2016.
             Slain by an adder (3 damage)
             ... on level 2 of the Dungeon.
             The game lasted 00:01:02 (1175 turns).

kae the Shield-Bearer (Formicid Fighter)            Turns: 1175, Time: 00:01:02

Health: 0/29       AC:  8    Str: 20 (21) XL:     3   Next: 95%
Magic:  3/3        EV:  8    Int:  6 (7)  God:
Gold:   96         SH:  9    Dex:  8 (10) Spells: 0 memorised, 2 levels left

rFire  . . .     SeeInvis +     a - +0 long sword
rCold  . . .     Gourm    .     b - +0 scale mail
rNeg   . . .     Faith    .     c - +0 shield
rPois  .         Spirit   .     (helmet unavailable)
rElec  .         Dismiss  .     (no cloak)
rCorr  .         Reflect  .     (no gloves)
MR     .....     Harm     .     (no boots)
Stlth  ..........               (no amulet)
                                (no ring)
                                (no ring)

@: lethally poisoned (0 -> -3)
A: permanent stasis, dig shafts and tunnels, four strong arms, antennae 3,
iridescent scales 1, mutation resistance 1
a: Dig, Shaft Self


You were on level 2 of the Dungeon.
You were not hungry.

You visited 1 branch of the dungeon, and saw 2 of its levels.

You collected 96 gold pieces.

Inventory:

Hand Weapons
 a - a +0 long sword (weapon)
Armour
 b - a +0 scale mail (worn)
 c - a +0 shield (worn)
Wands
 k - a wand of slowing (22/48)
Scrolls
 i - 2 scrolls of enchant armour {unknown}
 j - a scroll of teleportation {unknown}
 l - a scroll of noise {unknown}
 m - a scroll of remove curse {unknown}
 n - a scroll of identify {unknown}
Potions
 d - a potion of might
 h - a potion of degeneration
Comestibles
 f - 2 bread rations
 g - 2 meat rations


   Skills:
 + Level 3.6 Fighting
 * Level 3.3 Long Blades
 - Level 3.2 Armour
 + Level 4.0 Shields


You had 2 spell levels left.
You didn't know any spells.

Dungeon Overview and Level Annotations

Branches:
Dungeon (2/15)

Altars:


Innate Abilities, Weirdness & Mutations

You are under a permanent stasis effect.
You can dig through walls and to a lower floor.
Your four strong arms can wield two-handed weapons with a shield.
You have a pair of large antennae on your head. (SInv)
You are partially covered in iridescent scales. (AC +2)
You are somewhat resistant to further mutation.


Message History

You miss the adder.
The adder is almost dead.
You feel sick. The adder bites you but does no damage.
You completely miss the adder.
The adder is almost dead.
The adder bites you but does no damage. The adder barely misses you.
You closely miss the adder.
The adder is almost dead.
You block the adder's attack. The adder bites you but does no damage.
You closely miss the adder.
The adder is almost dead.
You feel sick. You block the adder's attack.
You closely miss the adder.
The adder is almost dead.
You block the adder's attack. The adder bites you.
* * * LOW HITPOINT WARNING * * *
You miss the adder.
The adder is almost dead.
The adder bites you but does no damage. The adder bites you.
You die...

.# ## ......# #.### ..
#.#..... ....# ##.##.#.#..#
##.#.#
..........####....##########
#..#...##.#....#........)...
#..#...##.#.##...######.####
...##.†#...##.#÷###..### #.#
...........##.#@#
##...####.#
.#.##..#......#S# #........#
#.......g..g# #...######
#...######### #..## #.>?
#..# #... #..# #... #..#
#... #..# #...


You could see an adder and a hobgoblin.

Vanquished Creatures
  An ooze (D:1)
  A worm (D:2)
  A dart slug (D:1)
  2 giant cockroaches
  3 goblins
  3 hobgoblins (D:2)
  4 jackals (D:2)
  A quokka (D:2)
  9 bats
  5 frilled lizards
  A kobold (D:1)
  6 rats
37 creatures vanquished.

Notes
Turn   | Place    | Note
-------+----------+-------------------------------------------
     0 | D:1      | kae the Formicid Fighter began the quest for the Orb.
     0 | D:1      | Reached XP level 1. HP: 18/18 MP: 1/1
    74 | D:1      | Reached XP level 2. HP: 21/24 MP: 2/2
   487 | D:1      | Reached XP level 3. HP: 27/29 MP: 3/3
   861 | D:2      | Reached skill level 4 in Shields
  1166 | D:2      | Gained mutation: You are somewhat resistant to further mutation. [potion of mutation]
  1166 | D:2      | Gained mutation: You are partially covered in iridescent scales. (AC +2) [potion of mutation]
  1175 | D:2      | Slain by an adder

Vault maps used:
D:1:      minmay_arrival_open_corners
D:2:      lemuel_upstairs_altar, lemuel_coloured_pillars_altar

Skill      XL: |  1  2  3 |
---------------+----------+-----
Long Blades    | 3 |  3.3
Shields        | 4 |  4.0
Fighting       | |  3.6
Armour         | |  3.2

Action                   || total
-------------------------++-------
Melee: Long sword        ||   114
  Use: Potion            ||     2
  Eat: Chunk             ||     1
Armor: Scale mail        ||    68
Dodge: Dodged            ||    50
Block: Shield            ||    59
       Rpst.: Long sword ||    14
